 Dungeon Crawl Stone Soup version 0.29.1-2-gbd0b4ee654 (webtiles) character file.

Game seed: 9534951103906442880

136 Icepheonix32 the Trooper (level 4, -4/42 HPs)
             Began as a Minotaur Fighter on Nov 11, 2022.
             Slain by an ogre
             ... wielding a +0 giant club
              (15 damage)
             ... on level 4 of the Dungeon.
             The game lasted 00:03:40 (2447 turns).

Icepheonix32 the Trooper (Minotaur Fighter)         Turns: 2447, Time: 00:03:41

Health: -4/42      AC:  8    Str: 20    XL:     4   Next: 98%
Magic:  3/3        EV:  9    Int:  7    God:
Gold:   155        SH:  4    Dex: 10    Spells: 1/3 levels left

rFire   . . .      SeeInvis .   n - +4 short sword
rCold   . . .      Faith    .   c - +0 buckler
rNeg    . . .      Spirit   .   b - +0 scale mail
rPois   .          Reflect  .   (helmet restricted)
rElec   .          Harm     .   (no cloak)
rCorr   .          Rampage  .   A - +0 pair of gloves
Will    .....                   (no boots)
Stlth   ..........              (no amulet)
HPRegen 0.14/turn               g - ring of wizardry
MPRegen 0.08/turn               (no ring)

@: no status effects
A: horns 2, retaliatory headbutt
a: no special abilities


You were on level 4 of the Dungeon.
You visited 1 branch of the dungeon, and saw 4 of its levels.

You collected 155 gold pieces.

Inventory:

Hand Weapons
 a - a +0 war axe
 n - a +4 short sword (weapon)
Missiles
 p - a javelin (quivered)
Armour
 b - a +0 scale mail (worn)
 c - a +0 buckler (worn)
 A - a +0 pair of gloves (worn)
Jewellery
 f - an amulet of faith
 g - a ring of wizardry (left hand)
Scrolls
 e - a scroll of blinking {unknown}
 l - 7 scrolls of identify {unknown}
 m - 3 scrolls of fear {unknown}
 q - 2 scrolls of vulnerability {unknown}
 s - 2 scrolls of teleportation {unknown}
 t - a scroll of noise {unknown}
 w - 3 scrolls of magic mapping {unknown}
 x - a scroll of poison {unknown}
 y - a scroll of enchant armour {unknown}
Potions
 d - a potion of might
 h - a potion of magic {unknown}
 i - a potion of haste {unknown}
 j - a potion of invisibility {unknown}
 k - a potion of brilliance {unknown}
 o - 2 potions of lignification {unknown}
 r - a potion of curing {unknown}
 u - 2 potions of heal wounds {unknown}
 v - a potion of ambrosia {unknown}
 z - a potion of flight {unknown}


   Skills:
 * Level 5.0 Fighting
 + Level 0.4 Short Blades
 - Level 3.1 Axes
 + Level 1.2 Throwing
 + Level 4.3 Armour
 + Level 0.1 Dodging
 + Level 0.1 Stealth
 + Level 4.4 Shields


You had one spell level left.
You knew the following spells:

 Your Spells              Type           Power      Damage    Failure   Level
a - Scorch                Fire           0%         2d5       65%         2

Your spell library contained the following spells:

 Spells                   Type           Power      Damage    Failure   Level
 Gell's Gravitas          Tloc           0%         N/A       86%         3
 Lesser Beckoning         Tloc           0%         N/A       86%         3
 Teleport Other           Tloc           0%         N/A       86%         3
 Flame Wave               Conj/Fire      0%         2d4       99%         4
 Summon Cactus Giant      Summ           0%         N/A       100%        6


Dungeon Overview and Level Annotations

Branches:
Dungeon (4/15)
 Temple: D:4-7

Altars:
Makhleb


Innate Abilities, Weirdness & Mutations

You have a pair of horns on your head.
You reflexively headbutt those who attack you in melee.


Message History

Things that are here:
a +0 club; a +0 sling; a goblin skeleton
Found 6 stones.
Unknown command.
Search for what [Enter for "short", or ? for help]? glove You see here a +0 pair of gloves.
A - a +0 pair of gloves You start putting on your armour.
You continue putting on your +0 pair of gloves. x4
You finish putting on your +0 pair of gloves.
Unknown command.
An ogre comes into view. It is wielding a +0 giant club.
The ogre shouts!
You throw a javelin. The javelin closely misses the ogre.
You barely miss the ogre.
You headbutt the ogre, but do no damage.
The ogre hits you with a +0 giant club!!
Ouch! That really hurt!
* * * LOW HITPOINT WARNING * * *
You are too injured to fight recklessly!
You are too injured to fight recklessly!
You are too injured to fight recklessly!
You hit the ogre.
The ogre is lightly wounded.
You block the ogre's attack.
You hit the ogre. Your headbutt misses the ogre.
The ogre is moderately wounded.
You block the ogre's attack.
You barely miss the ogre.
The ogre is moderately wounded.
You closely miss the ogre.
The ogre is moderately wounded.
The ogre hits you but does no damage.
You hit the ogre.
The ogre is heavily wounded.
You block the ogre's attack.
You hit the ogre. You headbutt the ogre!
The ogre is severely wounded.
The ogre hits you with a +0 giant club!
You die...

# .#### ### .#.. ..## #... ...##
##### ..#.# ....# #...####.##.#
....# #...##...##.# ....#
#...##@####(# ....#######...##O#
#.## ....#............# ##..## #
......#####....#####....## #####
...########..............# #....
........##....#.#######..####.###
....###.....(......#.......##.##.
....# ####.####....#.............
....# ##(..# #.#########.......#


You could see an ogre.

Vanquished Creatures
  A scorpion (D:4)
  An adder (D:3)
  A worm (D:3)
  2 dart slugs
  10 orcs (D:3)
  7 ball pythons
  4 endoplasms
  3 giant cockroaches (D:1)
  4 goblins
  4 hobgoblins
  5 kobolds
  A bat (D:1)
  3 rats
46 creatures vanquished.

Vanquished Creatures (others)
  A plant (D:1)
1 creature vanquished.

Grand Total: 47 creatures vanquished

Notes
Turn   | Place    | Note
-------+----------+-------------------------------------------
     0 | D:1      | Icepheonix32 the Minotaur Fighter began the quest for the
                  | Orb.
     0 | D:1      | Reached XP level 1. HP: 19/19 MP: 0/0
   193 | D:1      | Reached skill level 4 in Fighting
   211 | D:1      | Reached XP level 2. HP: 27/27 MP: 1/1
   460 | D:1      | Found a faded altar of an unknown god.
   707 | D:2      | Found a burning altar of Makhleb.
  1174 | D:2      | Found the +6 shillelagh "Devastator" {shatter}
  1279 | D:3      | Reached XP level 3. HP: 18/34 MP: 2/2
  1676 | D:3      | Reached skill level 1 in Throwing
  1683 | D:3      | Reached XP level 4. HP: 28/41 MP: 3/3
  1793 | D:3      | Learned a level 2 spell: Scorch
  2150 | D:4      | Noticed a scorpion
  2161 | D:4      | Killed a scorpion
  2162 | D:4      | Reached skill level 5 in Fighting
  2438 | D:4      | Noticed an ogre
  2447 | D:4      | Slain by an ogre

Illustrated notes

Levels and vault maps discovered:
D:1:      heliophobic_arrival_ceremonial_halls, layout_rooms,
          shapermc_ecumenical_altar_hornbeckon
D:2:      layout_loops_ring, basic_altar
D:3:      layout_rooms
D:4:      layout_rooms, hangedman_abyss_or_decor_stagger

Skill      XL: |  1  2  3  4 |
---------------+-------------+-----
Fighting       | 4 5 |  5.0
Shields        | 4 |  4.4
Armour         | 4 |  4.3
Throwing       | 1 |  1.2
Axes           | 3 |  3.1
Short Blades   | |  0.4
Dodging        | |  0.1
Stealth        | |  0.1

Action                   |  1- 3 |  4- 6 || total
-------------------------+-------+-------++-------
Melee: War axe           |    74 |       ||    74
       Headbutt          |    11 |     8 ||    19
       Short sword       |       |    26 ||    26
Throw: Boomerang         |    21 |       ||    21
       Javelin           |     1 |     3 ||     4
Armor: Scale mail        |    33 |     5 ||    38
Dodge: Dodged            |    54 |     6 ||    60
Block: Buckler           |    25 |     7 ||    32
